 Dungeon Crawl Stone Soup version 0.19-a0-1697-g0595f0e (webtiles) character file.

455 kae the Slasher (level 7, -3/52 HPs)
             Began as a Formicid Fighter on Sept 26, 2016.
             Slain by a gnoll
             ... wielding a +0 flail
              (5 damage)
             ... on level 4 of the Dungeon.
             The game lasted 00:02:48 (2879 turns).

kae the Slasher (Formicid Fighter)                  Turns: 2879, Time: 00:02:49

Health: -3/52      AC: 10    Str: 23    XL:     7   Next: 26%
Magic:  7/7        EV:  8    Int:  5    God:
Gold:   198        SH:  9    Dex: 10    Spells: 0 memorised, 6 levels left

rFire  . . .     SeeInvis +     a - +0 long sword
rCold  . . .     Gourm    .     b - +1 scale mail
rNeg   . . .     Faith    .     c - +0 shield
rPois  .         Spirit   .     (helmet unavailable)
rElec  .         Dismiss  .     (no cloak)
rCorr  .         Reflect  .     (no gloves)
MR     .....     Harm     .     (no boots)
Stlth  ..........               (no amulet)
                                (no ring)
                                (no ring)

@: no status effects
A: permanent stasis, dig shafts and tunnels, four strong arms, antennae 3,
iridescent scales 1, dopey 1, wild magic 1
a: Dig, Shaft Self


You were on level 4 of the Dungeon.
You were hungry.

You visited 1 branch of the dungeon, and saw 4 of its levels.

You collected 198 gold pieces.

Inventory:

Hand Weapons
 a - a +0 long sword (weapon)
Armour
 b - a +1 scale mail (worn)
 c - a +0 shield (worn)
Jewellery
 p - an uncursed ring of magical power {unknown}
 q - an uncursed ring of magical power {unknown}
Scrolls
 k - a scroll of noise
Potions
 n - a potion of degeneration
 o - a potion of invisibility
 s - a potion of flight
Comestibles
 f - 3 bread rations
 h - 3 slices of pizza
 j - 4 meat rations


   Skills:
 - Level 3.2 Fighting
 + Level 7.4 Long Blades
 - Level 3.2 Armour
 - Level 3.6 Shields


You had 6 spell levels left.
You didn't know any spells.

Dungeon Overview and Level Annotations

Branches:
Dungeon (4/15)
 Temple: D:4-7

Altars:
Trog


Innate Abilities, Weirdness & Mutations

You are under a permanent stasis effect.
You can dig through walls and to a lower floor.
Your four strong arms can wield two-handed weapons with a shield.
You have a pair of large antennae on your head. (SInv)
You are partially covered in iridescent scales. (AC +2)
You are dopey. (Int -2)
Your spells are a little harder to cast, but a little more powerful.


Message History

The gnoll sergeant hits you with a trident of freezing!
* * * LOW HITPOINT WARNING * * *
The gnoll sergeant freezes you.
* * * LOW HITPOINT WARNING * * *
You rip the net and break free!
You block the orc's attack.
You extend your mandibles.
Unknown command.
You are already prepared to dig.
You can't shaft yourself on this terrain.
There are monsters nearby!
You can't shaft yourself on this terrain.
You retract your mandibles.
You block the gnoll sergeant's attack. The gnoll hits you with a flail!
* * * LOW HITPOINT WARNING * * *
You extend your mandibles.
Are you sure you want to shaft yourself?
You are feeling hungry.
You block the gnoll sergeant's attack. The gnoll hits you but does no damage.
The gnoll hits you with a flail.
You die...

.. ### ...
... #.###..
.....#######
###g........#
...........#
#.gg.)...#
+og@.....#
#.g......#
#........#
#........#
#........#
#........#
##########


You could see a gnoll sergeant, 4 gnolls and an orc.

Vanquished Creatures
  The ghost of Xiguana the Skirmisher, an amateur DsCK of Xom (D:3)
  An ogre (D:3)
  An orc wizard (D:3)
  A gnoll (D:3)
  10 adders
  An ooze (D:2)
  A worm (D:3)
  2 leopard geckos (D:3)
  16 orcs (D:3)
  A giant cockroach (D:3)
  13 goblins
  7 hobgoblins
  7 jackals (D:3)
  2 quokkas
  A ball python (D:3)
  5 bats
  4 frilled lizards
  7 kobolds
  7 rats
88 creatures vanquished.

Notes
Turn   | Place    | Note
-------+----------+-------------------------------------------
     0 | D:1      | kae the Formicid Fighter began the quest for the Orb.
     0 | D:1      | Reached XP level 1. HP: 18/18 MP: 1/1
   272 | D:1      | Reached XP level 2. HP: 24/24 MP: 2/2
   471 | D:1      | Reached skill level 3 in Long Blades
   761 | D:2      | Reached XP level 3. HP: 29/29 MP: 3/3
   946 | D:2      | Reached XP level 4. HP: 31/35 MP: 4/4
   964 | D:2      | Reached skill level 4 in Long Blades
  1046 | D:2      | Found a bloodstained altar of Trog.
  1232 | D:3      | Noticed an ogre
  1258 | D:3      | Killed an ogre
  1258 | D:3      | Reached skill level 5 in Long Blades
  1258 | D:3      | Reached XP level 5. HP: 15/41 MP: 5/5
  1646 | D:3      | Reached XP level 6. HP: 32/47 MP: 6/6
  1868 | D:3      | Reached skill level 6 in Long Blades
  2652 | D:3      | Noticed Xiguana's ghost (amateur DsCK)
  2684 | D:3      | Killed Xiguana's ghost
  2684 | D:3      | Reached skill level 7 in Long Blades
  2684 | D:3      | Reached XP level 7. HP: 32/52 MP: 7/7
  2869 | D:3      | Gained mutation: You are partially covered in iridescent scales. (AC +2) [potion of mutation]
  2869 | D:3      | Gained mutation: Your spells are a little harder to cast, but a little more powerful. [potion of mutation]
  2869 | D:3      | Gained mutation: You are dopey. (Int -2) [potion of mutation]
  2878 | D:4      | HP: 1/52 [gnoll/flail (8)]
  2879 | D:4      | Slain by a gnoll

Vault maps used:
D:1:      moated_graveyard_arrival
D:2:      nicolae_overflow_crystal_walls, st_stairs_14
D:3:      minmay_ogre_servants
D:4:      overflow_temple_1_default, hangedman_abyss_or_decor_stabs,
          kennysheep_generic_room_13, uniq_robin

Skill      XL: |  1  2  3  4  5  6 |
---------------+-------------------+-----
Long Blades    | 3 5 7 |  7.4
Fighting       | |  3.2
Armour         | |  3.2
Shields        | |  3.6

Action                   |  1- 3 |  4- 6 |  7- 9 || total
-------------------------+-------+-------+-------++-------
Melee: Long sword        |   131 |   313 |     9 ||   453
 Abil: Dig               |       |     1 |     2 ||     3
       Shaft Self        |       |       |     1 ||     1
  Use: Potion            |     1 |     4 |     1 ||     6
       Scroll            |       |    10 |       ||    10
  Eat: Chunk             |       |     7 |       ||     7
Armor: Scale mail        |    73 |   119 |     7 ||   199
       Skin              |       |     5 |       ||     5
Dodge: Dodged            |    31 |    88 |     7 ||   126
Block: Shield            |    83 |   162 |     5 ||   250
